Map: Oxide LE

Players

rottenorange

  • Race: Zerg Zerg
  • League: Bronze
  • Spawn Location: 1:00

GhostDragon - Winner!

  • Race: Terran Terran
  • Spawn Location: 7:00

VOD

Have the link to the VOD?

Description

Time

  • Played on: Oct. 10, 2020, 10:32 a.m.
  • Length: 11:50
Show
View Real Time Build Order
Export as new Build Order

rottenorange Zerg 

Build Orders: Hatch First 

Get SALT Encoding   

  12  0:00  Drone  
  13  0:13  Overlord  
  13  0:17  Drone  
  14  0:33  Drone x2  
  16  0:50  Hatchery  
  15  0:59  Drone x2  
  15  1:03  Extractor  
  16  1:16  Spawning Pool  
  16  1:18  Drone  
  16  1:21  Drone  
  17  1:26  Drone  
  18  1:38  Drone  
  19  1:49  Drone  
  20  1:59  Drone  
  21  2:03  Queen  
  21  2:04  Queen  
  21  2:06  Metabolic Boost  
  25  2:13  Overlord  
  25  2:24  Drone x3  
  28  2:32  Zergling x4  
  28  2:59  Drone  
  28  3:00  Drone x5  
  34  3:06  Spine Crawler  
  34  3:08  Spine Crawler  
  32  3:12  Queen  
  34  3:27  Overlord x3  
  34  3:35  Drone x2  
  36  3:55  Spine Crawler  
  36  3:59  Queen  
  37  4:07  Lair  
  37  4:11  Drone x3  
  37  4:14  Zergling x2  
  37  4:15  Zergling x10  
  46  4:31  Overlord  
  46  4:32  Hatchery, Overlord x2  
  45  5:00  Spine Crawler  
  45  5:02  Drone  
  45  5:03  Drone x3  
  48  5:14  Drone, Extractor  
  47  5:15  Drone x5  
  47  5:44  Drone  
  47  5:45  Drone x3  
  51  5:51  Queen, Extractor  
  51  5:54  Drone  
  51  5:56  Drone x5  
  51  5:57  Drone x3  
  61  6:12  Roach Warren  
  60  6:19  Hydralisk Den  
  60  6:23  Spine Crawler  
  58  6:31  Drone  
  58  6:32  Drone x5  
  64  6:39  Spine Crawler  
  63  6:45  Spine Crawler  
  62  6:53  Roach  
  62  6:54  Roach x9  
  82  6:57  Overlord  
  82  6:58  Overlord x3  
  82  7:00  Overseer x4  
  82  7:04  Pneumatized Carapace  
  82  7:27  Grooved Spines, Glial Reconstitution  
  82  7:37  Evolution Chamber  
  82  7:41  Hydralisk x3  
  87  7:51  Extractor  
  83  8:11  Drone  
  83  8:12  Drone x2  
  86  8:13  Drone x2  
  86  8:14  Drone x3  
  86  8:19  Extractor  
  90  8:26  Extractor  
  89  8:33  Overlord x5  
  89  8:34  Overlord  
  89  8:56  Roach x6  
  89  8:57  Roach x4  
  89  8:58  Hydralisk  
  89  8:59  Hydralisk x10  
  131  9:08  Zerg Missile Weapons Level 1  
  131  9:16  Evolution Chamber  
  130  9:20  Overlord x3, Spine Crawler  
  129  9:25  Drone x4  
  133  9:44  Spore Crawler  
  133  9:45  Drone x2  
  134  9:54  Roach  
  134  9:55  Roach x6  
  134  9:58  Hydralisk x2  
  152  10:17  Overlord x3  
  152  10:19  Roach  
  154  10:40  Hatchery  
  153  10:47  Spine Crawler  
  51  11:05  Roach  
  51  11:06  Roach x7  
  51  11:07  Hydralisk  
  51  11:08  Hydralisk x2  
Show
View Real Time Build Order
Export as new Build Order

GhostDragon Terran - Winner!

Build Orders: Reaper Expand 

Get SALT Encoding   

  12  0:00  SCV  
  13  0:13  SCV  
  14  0:18  Supply Depot  
  14  0:25  SCV  
  15  0:39  SCV  
  15  0:41  Barracks  
  16  0:45  Refinery  
  16  0:52  SCV  
  17  0:59  Supply Depot  
  17  1:04  SCV  
  18  1:18  SCV  
  19  1:31  Reaper  
  20  1:40  Orbital Command  
  20  1:50  Command Center  
  20  2:10  SCV, Factory  
  21  2:20  Marine  
  21  2:22  SCV  
  23  2:31  Refinery  
  23  2:34  SCV  
  24  2:37  Marine  
  25  2:46  SCV  
  26  2:53  Starport  
  26  2:55  Marine  
  26  2:58  SCV  
  26  3:00  Factory Reactor  
  27  3:10  Orbital Command  
  27  3:11  Bunker  
  27  3:13  Marine  
  27  3:18  Supply Depot  
  28  3:24  SCV  
  29  3:31  Marine  
  29  3:33  Medivac  
  32  3:36  SCV  
  33  3:42  Supply Depot  
  33  3:44  SCV  
  33  3:47  Refinery  
  33  3:48  SCV  
  35  3:54  Supply Depot  
  36  4:01  Hellion x2  
  39  4:04  Barracks Tech Lab  
  39  4:10  Barracks  
  39  4:16  Starport Reactor  
  39  4:20  SCV x2  
  39  4:23  Hellion x2  
  45  4:25  Refinery  
  45  4:30  Marine  
  46  4:32  SCV x2, Combat Shield  
  48  4:44  SCV x2  
  50  4:48  Marine  
  51  4:52  Engineering Bay  
  51  4:56  SCV x2, Barracks  
  51  4:57  Engineering Bay  
  51  4:59  Medivac  
  55  5:06  Marine  
  56  5:13  Factory Tech Lab  
  56  5:18  SCV x2  
  56  5:41  Siege Tank  
  51  5:44  Medivac x2  
  51  5:45  Marine  
  51  5:48  SCV x2  
  58  5:54  Marine  
  58  5:55  Stimpack  
  59  5:59  Barracks Reactor  
  59  6:00  SCV x2  
  59  6:01  Marine  
  59  6:02  Marine  
  63  6:05  Supply Depot  
  63  6:07  Supply Depot  
  63  6:08  Terran Infantry Armor Level 1  
  63  6:09  Terran Infantry Weapons Level 1  
  63  6:11  Marine  
  63  6:13  Siege Tank  
  63  6:15  SCV, Supply Depot  
  63  6:17  SCV  
  69  6:18  Marine  
  70  6:27  Marine  
  70  6:29  Marine  
  72  6:35  Marine  
  72  6:36  Marine x2  
  72  6:37  SCV x2  
  77  6:44  Marine  
  78  6:47  Marine  
  78  6:53  Command Center, Marine x2  
  78  6:54  Marine, Siege Tank  
  85  7:02  Marine  
  85  7:05  Marine  
  87  7:09  SCV x2  
  87  7:11  Marine x2  
  87  7:12  Marine  
  92  7:20  Marine  
  93  7:23  Marine  
  94  7:46  Supply Depot  
  94  7:47  Supply Depot  
  94  7:50  Supply Depot  
  94  7:58  SCV  
  94  7:59  Marine  
  94  8:01  Marine  
  94  8:03  SCV  
  94  8:04  Marine x3, Siege Tank  
  100  8:17  Marine  
  100  8:19  Marine  
  102  8:20  Armory  
  102  8:22  Marine x3  
  102  8:24  Liberator x2  
  111  8:34  Marine  
  111  8:35  Orbital Command  
  111  8:36  Siege Tank  
  111  8:37  Marine  
  111  8:40  Refinery, Marine x3  
  119  8:44  Supply Depot  
  119  8:46  Supply Depot x2  
  119  8:52  Marine  
  119  8:55  Marine  
  121  8:57  Marine x3  
  124  9:04  Refinery  
  124  9:07  Liberator x2  
  124  9:09  Siege Tank  
  133  9:10  Marine  
  133  9:12  Marine  
  133  9:15  Marine x3  
  138  9:28  Marine  
  138  9:30  Marine  
  140  9:33  Marine x3  
  143  9:46  Marine  
  143  9:48  Marine  
  143  9:51  Marine x3  
  143  9:52  Liberator x2  
  154  10:04  Supply Depot, Marine  
  154  10:06  Supply Depot, Marine  
  156  10:09  Marine x3  
  159  10:21  Marine  
  159  10:24  Marine, Siege Tank  
  159  10:27  Marine x3  
  167  10:35  Armory, Liberator x2  
  170  10:39  Marine  
  170  10:41  Marine  
  175  10:44  Marine x3  
  175  10:46  Command Center  
  169  10:57  Marine  
  169  10:59  Marine  
  169  11:02  Marine x3  
  166  11:15  Marine  
Tags
 
League
Bronze
Matchup
TvZ
Replay Pack
replays
Spawn Locations
Cross Positions
Add a new tag
Caveats
  • Supply blocks, unpowered buildings, or Contaminate may cause inaccurate times.
  • Supply counts are checked every 10 seconds.